 Dungeon Crawl Stone Soup version 0.26.1-10-gdfb7c7de75 (webtiles) character file.

Game seed: 16869346482378777073

363985 Amplified the Unseen (level 22, -18/157 HPs)
             Began as a Gnoll Brigand on Apr 6, 2021.
             Was the Champion of Hepliaklqana.
             Demolished by a tentacled starspawn (21 damage)
             ... on level 3 of the Abyss on Apr 7, 2021.
             The game lasted 01:30:46 (63615 turns).

Amplified the Unseen (Gnoll Brigand)               Turns: 63615, Time: 01:30:47

Health: -18/157    AC: 29    Str: 22    XL:     22   Next: 51%
Magic:  38/40      EV: 22    Int: 17    God:    Hepliaklqana [******]
Gold:   1326       SH: 15    Dex: 20    Spells: 43/50 levels left

rFire    + . .     SeeInvis .   x - +7 demon whip (venom)
rCold    + . .     Faith    +   z - +1 kite shield {rN+}
rNeg     + . .     Spirit   .   Y - +8 chain mail of Dawn {Harm rF+ rCorr}
rPois    +         Reflect  .   k - +0 hat of the Lion {+Fly Str+2}
rElec    .         Harm     +   X - +1 cloak of Starlight {*Dazzle EV+4 Stlth--}
rCorr    +         Rampage  .   C - +2 pair of gloves {Dex+3}
Will     +....                  H - +0 pair of boots
Stlth    ++........             N - amulet "Keguhaurgh" {Faith rPois rC+}
HPRegen  0.36/turn              u - +4 ring of slaying
MPRegen  0.27/turn              S - ring of resist corrosion

@: lethally poisoned (-18 -> -18), slowed, very slow
A: distributed training, reduced essence, fangs 1, strong nose
}: 2/15 runes: decaying, gossamer
a: Renounce Religion, Evoke Flight, Recall Ancestor, Ancestor Identity,
Transference, Idealise


You were on level 3 of the Abyss.
You worshipped Hepliaklqana.
Hepliaklqana was exalted by your worship.
You visited 7 branches of the dungeon, and saw 38 of its levels.
You visited the Abyss 4 times.
You also visited: Gauntlet, Ice Cave and Wizlab.

You collected 5276 gold pieces.
You spent 3950 gold pieces at shops.

Inventory:

Hand Weapons
 r - a +0 demon blade of electrocution
 x - a +7 demon whip of venom (weapon)
 P - the +8 flail "Ytivol" {speed, rElec rPois Int-5}
   (You found it on level 10 of the Dungeon)

   Attacks with this weapon are significantly faster.
   It affects your intelligence (-5).
   It insulates you from electricity.
   It protects you from poison.
Missiles
 d - 135 poisoned darts (quivered)
 e - 16 curare-tipped darts
Armour
 k - the +0 hat of the Lion (worn) {+Fly Str+2}
   (You found it in an ice cave)

   It affects your strength (+2).
   It lets you fly.
 z - a +1 kite shield of positive energy (worn)
 C - a +2 pair of gloves of dexterity (worn)
 H - a +0 pair of boots (worn)
 X - the +1 cloak of Starlight (worn) {*Dazzle EV+4 Stlth--}
   (You bought it in a shop on level 10 of the Dungeon)

   It affects your evasion (+4).
   It makes you much less stealthy.
 Y - the +8 chain mail of Dawn (worn) {Harm rF+ rCorr}
   (You bought it in a shop on level 10 of the Dungeon)

   It protects you from fire.
   It provides partial protection from all sources of acid and corrosion.
   It increases damage dealt and taken.
Jewellery
 u - a +4 ring of slaying (left hand)
 K - an uncursed ring of flight
 M - an uncursed amulet of magic regeneration
 N - the amulet "Keguhaurgh" (around neck) {Faith rPois rC+}
   (You bought it in a shop on level 10 of the Dungeon)

   [amulet of faith]

   It allows you to gain divine favour quickly.
   It protects you from cold.
   It protects you from poison.
 O - the amulet of Rywihik {RegenMP rF+}
   (You took it off a deep elf annihilator on level 3 of the Elven Halls)

   [amulet of magic regeneration]

   It increases your magic regeneration.
   It protects you from fire.
 S - a ring of resist corrosion (right hand)
 U - an uncursed ring of protection from fire
Wands
 q - a wand of flame (47)
 y - a wand of iceblast (39)
 D - a wand of paralysis (21)
 I - a wand of disintegration (63)
 J - a wand of polymorph (10)
Scrolls
 a - 12 scrolls of amnesia
 f - 2 scrolls of brand weapon
 i - 9 scrolls of teleportation
 o - 8 scrolls of identify
 p - 20 scrolls of remove curse
 s - 6 scrolls of summoning
 t - a scroll of magic mapping
 v - 8 scrolls of enchant armour
 w - a scroll of blinking
 B - 2 scrolls of fear
 E - 2 scrolls of fog
 F - 6 scrolls of immolation
 V - a scroll of silence
Potions
 b - 7 potions of brilliance
 c - a potion of heal wounds
 g - 12 potions of flight
 h - 19 potions of mutation
 j - a potion of magic
 l - 9 potions of curing
 m - 3 potions of ambrosia
 n - 6 potions of lignification
 G - 6 potions of attraction
 L - 3 potions of resistance
 Q - 2 potions of might
Miscellaneous
 A - a box of beasts
 R - a condenser vane


   Skills:
 + Level 15.1 Fighting
 + Level 15.1 Short Blades
 + Level 14.6 Long Blades
 + Level 14.6 Axes
 + Level 14.6 Maces & Flails
 + Level 14.6 Polearms
 + Level 14.6 Staves
 + Level 14.6 Slings
 + Level 14.6 Bows
 + Level 14.6 Crossbows
 + Level 15.1 Throwing
 + Level 14.6 Armour
 + Level 14.8 Dodging
 + Level 16.1 Stealth
 + Level 14.6 Shields
 + Level 14.6 Unarmed Combat
 + Level 14.6 Spellcasting
 + Level 12.6 Conjurations
 + Level 12.6 Hexes
 + Level 12.6 Summonings
 + Level 12.6 Necromancy
 + Level 12.6 Translocations
 + Level 12.6 Transmutations
 + Level 12.6 Fire Magic
 + Level 12.6 Ice Magic
 + Level 12.6 Air Magic
 + Level 12.6 Earth Magic
 + Level 12.6 Poison Magic
 + Level 15.7 Invocations
 + Level 14.6 Evocations


You had 43 spell levels left.
You knew the following spells:

 Your Spells              Type           Power        Failure   Level
a - Passwall              Tmut/Erth      44%          1%          2
b - Agony                 Necr           53%          4%          5

Your spell library contained the following spells:

 Spells                   Type           Power        Failure   Level
 Animate Skeleton         Necr           100%         1%          1
 Apportation              Tloc           100%         1%          1
 Corona                   Hex            58%          1%          1
 Foxfire                  Conj/Fire      100%         1%          1
 Magic Dart               Conj           100%         1%          1
 Shock                    Conj/Air       100%         1%          1
 Sting                    Tmut/Pois      100%         1%          1
 Summon Small Mammal      Summ           100%         1%          1
 Blink                    Tloc           N/A          1%          2
 Call Imp                 Summ           53%          1%          2
 Corpse Rot               Necr/Air       N/A          1%          2
 Ensorcelled Hibernation  Hex/Ice        100%         1%          2
 Poisonous Vapours        Pois/Air       100%         1%          2
 Slow                     Hex            53%          1%          2
 Sublimation of Blood     Necr           26%          1%          2
 Call Canine Familiar     Summ           53%          1%          3
 Confusing Touch          Hex            53%          1%          3
 Conjure Flame            Conj/Fire      53%          1%          3
 Dazzling Flash           Conj/Hex       100%         1%          3
 Gell's Gravitas          Tloc           26%          1%          3
 Ignite Poison            Fire/Tmut/Pois 53%          1%          3
 Inner Flame              Hex/Fire       53%          1%          3
 Lesser Beckoning         Tloc           26%          1%          3
 Mephitic Cloud           Conj/Pois/Air  53%          1%          3
 Spider Form              Tmut/Pois      26%          1%          3
 Static Discharge         Conj/Air       53%          1%          3
 Stone Arrow              Conj/Erth      100%         1%          3
 Summon Guardian Golem    Hex/Summ       53%          1%          3
 Teleport Other           Tloc           53%          1%          3
 Tukima's Dance           Hex            53%          1%          3
 Animate Dead             Necr           26%          1%          4
 Cause Fear               Hex            26%          1%          4
 Dispel Undead            Necr           53%          1%          4
 Hailstorm                Conj/Ice       53%          1%          4
 Olgreb's Toxic Radiance  Pois           53%          1%          4
 Passage of Golubria      Tloc           N/A          1%          4
 Petrify                  Tmut/Erth      53%          1%          4
 Sticky Flame             Conj/Fire      53%          1%          4
 Summon Ice Beast         Ice/Summ       53%          1%          4
 Summon Lightning Spire   Summ/Air       53%          1%          4
 Blade Hands              Tmut           26%          4%          5
 Borgnjor's Vile Clutch   Necr/Erth      26%          4%          5
 Excruciating Wounds      Necr           26%          4%          5
 Fireball                 Conj/Fire      26%          4%          5
 Irradiate                Conj/Tmut      26%          4%          5
 Silence                  Hex/Air        26%          4%          5
 Summon Forest            Summ/Tloc      26%          4%          5
 Yara's Violent Unravell  Hex/Tmut       26%          4%          5
 Conjure Ball Lightning   Conj/Air       26%          22%         6
 Death Channel            Necr           26%          22%         6
 Eringya's Noxious Bog    Tmut/Pois      26%          22%         6
 Freezing Cloud           Conj/Ice/Air   26%          22%         6
 Hydra Form               Tmut           26%          22%         6
 Iron Shot                Conj/Erth      26%          22%         6
 Simulacrum               Ice/Necr       26%          22%         6
 Statue Form              Tmut/Erth      35%          22%         6
 Dragon Form              Tmut           26%          77%         7
 Summon Hydra             Summ           26%          77%         7
 Discord                  Hex            26%          100%        8
 Tornado                  Air            26%          100%        9


Dungeon Overview and Level Annotations

Branches:
Dungeon (15/15)            Temple (0/1) D:6            Lair (6/6) D:11
  Swamp (4/4) Lair:4       Spider (4/4) Lair:4        Slime (0/5) Lair:5
    Orc (2/2) D:12            Elf (3/3) Orc:2        Vaults (4/5) D:14
  Crypt (0/3) Vaults:3     Depths (0/5) D:15          IceCv (visited)
 WizLab (visited)         Gauntlet (visited)

Altars:
Ashenzari
Cheibriados
Dithmenos
Elyvilon
Hepliaklqana
Kikubaaqudgha
Okawaru
Ru
Trog
Wu Jian
Xom
Beogh

Shops:
D:10 [=*   D:11 }   D:12 [([([   D:13 =   Orc:1 [   Orc:2 *[**   Elf:1 *
Elf:3 *   Vaults:1 *   Vaults:4 [

Portals:
Abyss: D:4
Trove: D:12 (give 8 potions of haste)

Annotations:
D:4 2 transporters, OdinFK's ghost, amateur VSNe
Lair:4 Don't forget Haste
Lair:6 exclusion: oklob plant
Spider:2 1 runed translucent door, Revguard's ghost, adept DDFi
Spider:4 3 runed translucent doors, Dizoe's ghost, adept HOFi; Jigyehos's ghost, adept DDFi
Elf:2 5 runed translucent doors
Vaults:1 3 runed translucent doors, quaternion's ghost, veteran MiFi
Vaults:2 Seek last haste
Vaults:4 Zealeisi's ghost, veteran DsGl


Innate Abilities, Weirdness & Mutations

Your experience applies equally to all skills.
You have very sharp teeth.
Your uncanny sense of smell can sniff out nearby items.
Your life essence is reduced to manifest your ancestor. (-10% HP)


Message History

A small abomination comes into view.
Unknown command.
Unknown command.
You hit the guardian serpent.
The guardian serpent is poisoned.
The guardian serpent is almost dead.
You feel sick.
You kill the guardian serpent!
Unknown command.
Casting: Passwall (safe; 1% risk of failure)
Confirm with . or Enter, or press ? or * to list all spells.
Aiming: Passwall (safe; 1% risk of failure)
Press: ? - help, Dir - move target A rock wall.
The tentacled starspawn bites you!!
* * * LOW HITPOINT WARNING * * *
You block the tentacled starspawn's attack.
You begin to meditate on the wall.
You continue meditating on the rock.
You feel sick. You block the naga's attack. x2
The tentacled starspawn bites you!!
You die...

..#.##...≈
...# ..#.....
≈≈.#..
S...#..##≈≈≈
..
#...#...§≈#∩
#.SXN# ≈####
#N23.#
##≈≈.#.#
####§..#.##.♣
..#
#..N##..##..
. # .
#.##@x###..
.#≈≈.# ..
##X.#..#.. ≈
# # #.. #
.#........ #
## #
..#...##.. #
.. ≈# ###.#
####.. # # ≈#
. #. . #...#.
[ ≈ ## #..
..# . # ###.
.# ##..# ...
##.. ###


You could see a tentacled starspawn, a naga and a small abomination.

Vanquished Creatures
  Saint Roka (Orc:1)
  the Lernaean hydra (Swamp:4)
  A mutant beast (WizLab)
  Jorgrun (Elf:1)
  A deep elf blademaster (Elf:3)
  A tengu reaver (Vaults:4)
  Roxanne (Swamp:3)
  A fire giant (Vaults:4)
  A ghost moth (shapeshifter) (Vaults:4)
  4 vault wardens
  5 deep elf sorcerers
  A frost giant (Vaults:4)
  3 ghost moths
  8 emperor scorpions
  Aizul (Swamp:1)
  A curse skull (Vaults:3)
  Louise (Elf:1)
  5 deep elf elementalists (Elf:3)
  6 ironheart preservers
  A war gargoyle (Vaults:4)
  8 very ugly things
  A starcursed mass (Abyss:2)
  6 stone giants
  Nessos (D:13)
  A vampire knight (Vaults:3)
  7 deep elf annihilators (Elf:3)
  3 entropy weavers
  6 deep elf demonologists (Elf:3)
  5 bunyips
  A minotaur (Gauntlet)
  A spark wasp (Spider:3)
  A blizzard demon (IceCv)
  5 eleionomae
  3 ettins
  Snorg (D:10)
  5 deep elf death magi (Elf:3)
  5 crystal guardians (Elf:3)
  Josephine (D:11)
  6 great orbs of eyes
  A yaktaur captain (Vaults:1)
  10 boulder beetles
  2 ice dragons
  25 hydras
  8 vault guards
  3 ghost crabs
  A spectral tengu (Vaults:3)
  4 deep elf high priests (Elf:3)
  3 rakshasas
  A spectral fire giant (Vaults:3)
  14 dancing weapons
  9 alligators
  3 death knights
  2 spectral humans (Vaults:3)
  19 two-headed ogres
  2 centaur warriors
  7 ogre magi
  4 death yaks (Lair:5)
  2 spectral stone giants (Vaults:3)
  An iron golem (WizLab)
  A shock serpent (shapeshifter) (WizLab)
  2 thrashing horrors (Abyss:3)
  An orc high priest (Elf:2)
  15 deep elf knights
  Sonja (D:10)
  6 goliath frogs
  4 fire crabs
  2 fire crabs (shapeshifter)
  8 slime creatures
  2 wretched stars
  A death drake (Abyss:4)
  2 shadow wraiths
  An unseen horror (Vaults:1)
  A sixfirhy (Abyss:4)
  A skeletal warrior (Vaults:3)
  10 swamp dragons
  4 wizards
  11 bog bodies
  2 spriggan druids
  11 deep trolls
  3 glowing orange brains
  18 deep elf archers
  9 orc knights
  8 ironbrand convokers
  A necromancer (Vaults:1)
  An orb spider (shapeshifter) (Abyss:3)
  28 ugly things
  2 manticores
  2 orc sorcerers
  2 wolf spider zombies
  10 cyclopes
  59 deep elf magi
  12 orb spiders
  5 harpies (Vaults:4)
  4 will-o-the-wisps
  25 wolf spiders
  2 moths of wrath
  3 elephants (Lair:6)
  An elephant (shapeshifter) (WizLab)
  An eye of devastation (shapeshifter) (WizLab)
  4 black mambas (Lair:6)
  Maurice (D:13)
  10 vault sentinels
  A guardian serpent (Abyss:3)
  2 ice statues (IceCv)
  A torpor snail (Spider:2)
  2 centaur skeletons (D:15)
  4 smoke demons
  A gargoyle (D:12)
  15 demonic crawlers
  2 cane toads (shapeshifter) (WizLab)
  16 cane toads
  2 rime drakes (shapeshifter) (WizLab)
  A kobold demonologist (D:12)
  A tormentor (Abyss:3)
  2 yaktaurs (shapeshifter)
  11 ice devils (IceCv)
  An ancient zyme (Abyss:4)
  2 komodo dragons
  2 freezing wraiths
  13 trolls
  13 yaktaurs
  16 hornets
  A jumping spider (shapeshifter) (Vaults:1)
  A queen bee (Gauntlet)
  3 wind drakes (shapeshifter)
  31 jumping spiders
  2 meliai (shapeshifter) (WizLab)
  4 polar bears
  A wolf spider simulacrum (Vaults:1)
  3 hornets (shapeshifter) (WizLab)
  7 tyrant leeches
  A harpy skeleton (Abyss:3)
  11 dream sheep
  2 snapping turtles (shapeshifter) (WizLab)
  11 blink frogs
  2 hexers
  3 air elementals
  An ettin skeleton (Vaults:1)
  6 flying skulls (Abyss:4)
  78 redbacks
  11 large abominations
  A vampire (D:15)
  3 spriggans
  10 fire bats (Gauntlet)
  11 wyverns
  Sigmund (D:3)
  2 ynoxinuls (Abyss:4)
  3 water elementals
  40 tarantellas
  A wyvern (shapeshifter) (WizLab)
  3 basilisks
  7 wraiths (D:11)
  34 yaks
  5 hogs (Lair:6)
  A human (Lair:5)
  A basilisk (shapeshifter) (WizLab)
  2 fire elementals (Elf:1)
  A chaos spawn (Abyss:3)
  A golden eye (shapeshifter) (Vaults:4)
  7 vampire mosquitoes
  2 wargs
  2 soldier ants
  13 swamp worms
  24 water moccasins
  2 acid dragons
  A floating eye (shapeshifter) (WizLab)
  2 water moccasins (shapeshifter) (WizLab)
  9 ice beasts
  20 orc warriors
  3 black bears
  An eye of draining (D:12)
  4 floating eyes (WizLab)
  A hornet zombie (D:14)
  6 swamp drakes
  A meliai simulacrum (D:15)
  2 sky beasts
  A necrophage (D:10)
  3 phantoms
  An ettin simulacrum (Vaults:1)
  2 eyes of draining (shapeshifter) (WizLab)
  39 ogres
  3 boggarts (Vaults:1)
  An ogre (shapeshifter) (D:13)
  7 wolves
  16 centaurs
  A big kobold (D:11)
  11 small abominations
  13 bullfrogs
  4 gnoll sergeants
  A wyvern zombie (D:11)
  A glowing shapeshifter simulacrum (Vaults:2)
  A water moccasin zombie (D:10)
  A wyvern skeleton (D:11)
  5 scorpions
  13 killer bees
  An orc simulacrum (Vaults:1)
  7 howler monkeys
  10 wights
  3 electric eels (Spider:4)
  5 centaur zombies
  2 bullfrog zombies
  A yaktaur simulacrum (Vaults:1)
  2 gnoll shamans (D:6)
  10 hounds
  13 orc priests
  22 orc wizards
  5 bullfrog skeletons
  6 jellies
  3 iguanas
  8 worker ants
  2 lightning spires (Swamp:3)
  A worker ant (shapeshifter) (WizLab)
  A killer bee zombie (D:5)
  An ogre zombie (Abyss:3)
  A hound zombie (D:5)
  A worker ant zombie (D:11)
  13 gnolls
  6 adders
  A river rat (D:5)
  3 shadow imps
  11 white imps
  5 ufetubi (IceCv)
  4 oozes
  An adder skeleton (D:9)
  2 worms
  A worm (shapeshifter) (Elf:2)
  A dart slug (D:1)
  4 leopard geckos
  58 orcs
  8 bats
  4 giant cockroaches
  6 goblins
  5 hobgoblins
  10 jackals
  A ball python (D:3)
  3 frilled lizards
  5 kobolds
  8 rats
1433 creatures vanquished.

Vanquished Creatures (collateral kills)
  Frederick (Vaults:3)
  Asterion (Elf:1)
  Frances (Elf:1)
  Kirke (Lair:6)
  An emperor scorpion (Spider:3)
  A very ugly thing (Vaults:3)
  A deep elf demonologist (Elf:1)
  An ironheart preserver (Vaults:1)
  An entropy weaver (Vaults:3)
  A shambling mangrove (Swamp:3)
  A deep elf high priest (Elf:3)
  A yaktaur captain (D:15)
  Harold (D:7)
  A hydra (Lair:1)
  An ogre mage (Vaults:1)
  A catoblepas (Lair:6)
  A centaur warrior (D:15)
  A two-headed ogre (D:15)
  2 dancing weapons (Elf:2)
  2 goliath frogs
  An unseen horror (Vaults:1)
  2 bog bodies
  A swamp dragon (Swamp:1)
  2 deep elf archers
  An ironbrand convoker (Vaults:1)
  An orc knight (Vaults:4)
  3 orb spiders
  3 deep elf magi
  4 ugly things
  A will-o-the-wisp (Swamp:3)
  An elephant (Lair:6)
  A black mamba (shapeshifter) (WizLab)
  2 ice statues
  A vault sentinel (Vaults:4)
  A guardian serpent (Lair:6)
  A cane toad (Lair:1)
  A cane toad (shapeshifter) (WizLab)
  3 komodo dragons
  A demonic crawler (Spider:3)
  A freezing wraith (Vaults:4)
  A troll (Orc:1)
  A polar bear (Lair:3)
  2 hornets
  A slime creature (D:13)
  A harpy skeleton (D:15)
  A blink frog (shapeshifter) (Vaults:1)
  2 redbacks
  2 air elementals
  2 tarantellas
  2 wraiths
  A wyvern (D:13)
  A basilisk (Lair:6)
  7 yaks
  2 humans (Lair:5)
  Grum (D:6)
  3 vampire mosquitoes
  An elf skeleton (Vaults:1)
  3 swamp worms
  A warg (Orc:1)
  4 water moccasins
  2 swamp drakes (Swamp:4)
  An ogre skeleton (Vaults:1)
  An ice beast (D:5)
  3 orc warriors (Vaults:4)
  A black bear (D:11)
  3 ogres
  A wolf (Lair:4)
  4 bullfrogs
  A gnoll sergeant (D:8)
  A killer bee (D:11)
  4 wights
  A howler monkey (D:12)
  A hound (D:6)
  3 orc priests
  3 orc wizards
  A bullfrog skeleton (D:12)
  A worker ant (D:10)
  A killer bee zombie (D:5)
  2 adders
  6 gnolls (D:6)
  3 white imps
  An ufetubus (D:9)
  A worm (D:7)
  13 orcs
  A bat (D:3)
  A jackal (D:6)
  A quokka (D:4)
  A frilled lizard (D:3)
  A leopard gecko zombie (D:8)
  A butterfly (Lair:1)
158 creatures vanquished.

Vanquished Creatures (others)
  A dancing weapon (Elf:2)
  A deep elf mage (Elf:2)
  2 bloated husks (Swamp:3)
  2 yaks (Lair:5)
  A human (Lair:5)
  A swamp worm (Swamp:1)
  A large abomination (Abyss:4)
  34 hexers
  3 white imps (IceCv)
  3 ufetubi (IceCv)
  An orc (Orc:2)
  2 ball lightnings (Swamp:3)
  16 demonic plants (Gauntlet)
  8 foxfires
  39 fungi
  54 plants
169 creatures vanquished.

Grand Total: 1760 creatures vanquished

Notes
Turn   | Place    | Note
-------+----------+-------------------------------------------
     0 | D:1      | Amplified the Gnoll Brigand began the quest for the Orb.
     0 | D:1      | Reached XP level 1. HP: 20/20 MP: 1/1
    98 | D:1      | Reached XP level 2. HP: 24/26 MP: 2/2
   320 | D:1      | Reached XP level 3. HP: 26/31 MP: 3/3
   497 | D:1      | You fall into a shaft and drop 1 floor!
   574 | D:2      | Reached skill level 1 in Invocations
  1281 | D:2      | Found a hazy altar of Hepliaklqana.
  1290 | D:2      | Reached skill level 1 in Long Blades
  1290 | D:2      | Reached skill level 1 in Axes
  1290 | D:2      | Reached skill level 1 in Maces & Flails
  1290 | D:2      | Reached skill level 1 in Polearms
  1290 | D:2      | Reached skill level 1 in Staves
  1290 | D:2      | Reached skill level 1 in Slings
  1290 | D:2      | Reached skill level 1 in Bows
  1290 | D:2      | Reached skill level 1 in Crossbows
  1290 | D:2      | Reached skill level 1 in Armour
  1290 | D:2      | Reached skill level 1 in Shields
  1290 | D:2      | Reached skill level 1 in Unarmed Combat
  1290 | D:2      | Reached skill level 1 in Spellcasting
  1290 | D:2      | Reached skill level 1 in Evocations
  1374 | D:2      | Became a worshipper of Hepliaklqana the Forgotten
  1726 | D:2      | Found a white marble altar of Elyvilon.
  1979 | D:3      | Reached XP level 4. HP: 34/34 MP: 5/5
  1994 | D:3      | Reached skill level 1 in Conjurations
  1994 | D:3      | Reached skill level 1 in Hexes
  1994 | D:3      | Reached skill level 1 in Summonings
  1994 | D:3      | Reached skill level 1 in Necromancy
  1994 | D:3      | Reached skill level 1 in Translocations
  1994 | D:3      | Reached skill level 1 in Transmutations
  1994 | D:3      | Reached skill level 1 in Fire Magic
  1994 | D:3      | Reached skill level 1 in Ice Magic
  1994 | D:3      | Reached skill level 1 in Air Magic
  1994 | D:3      | Reached skill level 1 in Earth Magic
  1994 | D:3      | Reached skill level 1 in Poison Magic
  2111 | D:3      | Reached XP level 5. HP: 38/38 MP: 6/6
  2203 | D:3      | Reached skill level 8 in Stealth
  2559 | D:3      | Noticed a phantom
  2600 | D:3      | Killed a phantom
  2601 | D:3      | Reached skill level 5 in Fighting
  2601 | D:3      | Reached skill level 5 in Short Blades
  2601 | D:3      | Reached skill level 5 in Throwing
  2601 | D:3      | Reached XP level 6. HP: 28/45 MP: 7/9
  2796 | D:3      | Reached * piety under Hepliaklqana
  3130 | D:3      | Noticed Sigmund
  3140 | D:3      | Killed Sigmund
  3141 | D:3      | Reached XP level 7. HP: 50/50 MP: 10/10
  3213 | D:4      | Found an iron altar of Okawaru.
  3213 | D:4      | Found a sacrificial altar of Ru.
  3870 | D:4      | Noticed a toenail golem
  3932 | D:4      | Found a transporter.
  3936 | D:4      | Found a transporter.
  3936 | D:4      | Found a one-way gate to the infinite horrors of the Abyss.
  3936 | D:4      | Noticed OdinFK's ghost (amateur VSNe)
  3937 | D:4      | Noticed a small abomination
  4024 | D:4      | Found a broken altar of Ashenzari.
  4024 | D:4      | Found a shimmering altar of Xom.
  4159 | D:5      | Entered Level 5 of the Dungeon
  4374 | D:5      | Reached XP level 8. HP: 51/56 MP: 12/12
  4421 | D:5      | Reached ** piety under Hepliaklqana
  4422 | D:5      | Noticed Blork the orc
  4461 | D:5      | Noticed Blork
  4461 | D:5      | Blork the orc changed into Blork the river rat
  4467 | D:5      | Killed Blork the river rat
  4516 | D:5      | Noticed Pikel
  4525 | D:5      | Noticed Pikel
  4525 | D:5      | Pikel changed into Pikel the water moccasin
  4531 | D:5      | Killed Pikel the water moccasin
  4785 | D:5      | Remembered your ancestor Lucia as a hexer
  4981 | D:5      | Found an ornate altar of the Wu Jian Council.
  5198 | D:6      | Found a staircase to the Ecumenical Temple.
  5625 | D:6      | Reached XP level 9. HP: 53/62 MP: 14/14
  5975 | D:6      | Found an ancient bone altar of Kikubaaqudgha.
  6139 | D:6      | Noticed Grum
  6147 | D:6      | Killed Grum
  6148 | D:6      | Reached skill level 5 in Dodging
  6706 | D:7      | Reached skill level 9 in Stealth
  6966 | D:7      | Noticed Harold
  6991 | D:7      | Killed Harold
  6992 | D:7      | Reached skill level 5 in Invocations
  6992 | D:7      | Reached XP level 10. HP: 64/69 MP: 15/17
  7025 | D:7      | Found a snail-covered altar of Cheibriados.
  7028 | D:7      | Reached *** piety under Hepliaklqana
  7052 | D:7      | Found a white marble altar of Elyvilon.
  7389 | D:7      | Found a shadowy altar of Dithmenos.
  7523 | D:7      | Reached skill level 5 in Long Blades
  7523 | D:7      | Reached skill level 5 in Axes
  7523 | D:7      | Reached skill level 5 in Maces & Flails
  7523 | D:7      | Reached skill level 5 in Polearms
  7523 | D:7      | Reached skill level 5 in Staves
  7523 | D:7      | Reached skill level 5 in Slings
  7523 | D:7      | Reached skill level 5 in Bows
  7523 | D:7      | Reached skill level 5 in Crossbows
  7523 | D:7      | Reached skill level 5 in Armour
  7523 | D:7      | Reached skill level 5 in Shields
  7523 | D:7      | Reached skill level 5 in Unarmed Combat
  7523 | D:7      | Reached skill level 5 in Spellcasting
  7523 | D:7      | Reached skill level 5 in Evocations
  8366 | D:8      | Reached **** piety under Hepliaklqana
  9765 | D:9      | Noticed a two-headed ogre
  9773 | D:9      | Killed a two-headed ogre
  9833 | D:9      | Found a bloodstained altar of Trog.
 10203 | D:10     | Entered Level 10 of the Dungeon
 10203 | D:10     | Found Xeiwn's Armour Shoppe.
 10203 | D:10     | Found Boklyal's Jewellery Shop.
 10203 | D:10     | Noticed Snorg
 10218 | D:10     | Killed Snorg
 10219 | D:10     | Reached XP level 11. HP: 69/75 MP: 19/19
 10364 | D:10     | Found Sucitz's General Store.
 10671 | D:10     | Reached skill level 5 in Conjurations
 10671 | D:10     | Reached skill level 5 in Hexes
 10671 | D:10     | Reached skill level 5 in Summonings
 10671 | D:10     | Reached skill level 5 in Necromancy
 10671 | D:10     | Reached skill level 5 in Translocations
 10671 | D:10     | Reached skill level 5 in Transmutations
 10671 | D:10     | Reached skill level 5 in Fire Magic
 10671 | D:10     | Reached skill level 5 in Ice Magic
 10671 | D:10     | Reached skill level 5 in Air Magic
 10671 | D:10     | Reached skill level 5 in Earth Magic
 10671 | D:10     | Reached skill level 5 in Poison Magic
 10718 | D:10     | Got an ichor-stained flail
 10767 | D:10     | Noticed Sonja
 10776 | D:10     | Killed Sonja
 11030 | D:10     | Identified the +8 flail "Ytivol" {speed, rElec rPois Int-5}
                  | (You found it on level 10 of the Dungeon)
 11196 | D:11     | Reached skill level 10 in Stealth
 11199 | D:11     | Reached ***** piety under Hepliaklqana
 11600 | D:11     | Found a staircase to the Lair.
 12610 | D:11     | Noticed Josephine
 12618 | D:11     | Noticed a two-headed ogre
 12952 | D:11     | Killed Josephine
 12964 | D:11     | Reached XP level 12. HP: 78/84 MP: 22/22
 13130 | D:11     | Found Cumex's Gadget Boutique.
 13608 | D:12     | Found Gejahook's Weapon Emporium.
 13614 | D:12     | Found a portal to a secret trove of treasure.
 13643 | D:12     | Found Zinleunk's Armour Shop.
 13918 | D:12     | Noticed a two-headed ogre
 13931 | D:12     | Killed a two-headed ogre
 14161 | D:12     | Found Atot's Weapon Shop.
 14161 | D:12     | Found a staircase to the Orcish Mines.
 14170 | D:12     | Found Defreclui's Armour Shop.
 14183 | D:12     | Noticed an eight-headed hydra
 14198 | D:12     | Killed an eight-headed hydra
 14320 | D:12     | Found Eliwoduti's Antique Armour Shop.
 14862 | D:13     | Found Uhecrun's Jewellery Shop.
 15412 | D:13     | Noticed Nessos
 15420 | D:13     | Killed Nessos
 15421 | D:13     | Reached XP level 13. HP: 88/90 MP: 24/24
 15451 | D:13     | Reached skill level 11 in Stealth
 16157 | D:13     | Noticed Maurice
 16171 | D:13     | Killed Maurice
 16406 | Lair:1   | Entered Level 1 of the Lair of Beasts
 16656 | Lair:1   | Found a gate leading to a gauntlet.
 16662 | Gauntlet | Entered a Gauntlet
 16662 | Gauntlet | Found a transporter.
 16662 | Gauntlet | Found a transporter.
 16671 | Gauntlet | Found a transporter.
 16683 | Gauntlet | Found a transporter.
 16696 | Gauntlet | Found a transporter.
 16708 | Gauntlet | Found a transporter.
 16721 | Gauntlet | Found a transporter.
 16723 | Gauntlet | Found a large runed translucent door.
 16724 | Gauntlet | Found a large runed translucent door.
 16725 | Gauntlet | Found a large runed translucent door.
 16725 | Gauntlet | Found a large runed translucent door.
 16726 | Gauntlet | Found a runed translucent gate.
 16727 | Gauntlet | Found a transporter.
 16727 | Gauntlet | Found a runed translucent gate.
 16728 | Gauntlet | Found a runed translucent gate.
 16729 | Gauntlet | Found a large runed translucent door.
 16729 | Gauntlet | Found a large runed translucent door.
 16730 | Gauntlet | Found a large runed translucent door.
 16731 | Gauntlet | Found a large runed translucent door.
 16737 | Gauntlet | Noticed a balrug
 16741 | Gauntlet | Found a transporter.
 16758 | Gauntlet | Found a transporter.
 16762 | Gauntlet | Found a transporter.
 16798 | Gauntlet | Found a large runed translucent door.
 16799 | Gauntlet | Found a large runed translucent door.
 16800 | Gauntlet | Found a large runed translucent door.
 16800 | Gauntlet | Found a large runed translucent door.
 16800 | Gauntlet | Found a runed translucent door.
 16801 | Gauntlet | Found a transporter.
 16802 | Gauntlet | Found a runed translucent door.
 16803 | Gauntlet | Found a large runed translucent door.
 16803 | Gauntlet | Found a large runed translucent door.
 16804 | Gauntlet | Found a large runed translucent door.
 16805 | Gauntlet | Found a large runed translucent door.
 16897 | Gauntlet | Got an ichor-stained cloak
 16908 | Gauntlet | Identified the +3 cloak "Tugoopp" {Regen+ Int+4 Dex-5} (You
                  | found it in a Gauntlet)
 17363 | Gauntlet | Noticed a minotaur
 17385 | Gauntlet | Killed a minotaur
 17990 | Lair:2   | Reached ****** piety under Hepliaklqana
 19651 | Lair:3   | Reached XP level 14. HP: 94/98 MP: 26/26
 20233 | Lair:4   | Reached skill level 10 in Fighting
 20233 | Lair:4   | Reached skill level 10 in Short Blades
 20233 | Lair:4   | Reached skill level 10 in Throwing
 20300 | Lair:4   | Found a hole to the Spider Nest.
 20330 | Lair:4   | Found a staircase to the Swamp.
 20471 | Lair:4   | Identified the cursed +0 flail "Grim" {drain, *Corrode rC-
                  | rN+++ MP+9} (You found it on level 4 of the Lair of Beasts)
 21081 | Lair:5   | Found a staircase to the Slime Pits.
 22125 | Orc:1    | Entered Level 1 of the Orcish Mines
 22202 | Orc:2    | Entered Level 2 of the Orcish Mines
 22203 | Orc:2    | Noticed Saint Roka
 22611 | D:14     | Found a gate to the Vaults.
 22624 | D:14     | Reached skill level 10 in Invocations
 22935 | D:15     | Entered Level 15 of the Dungeon
 23020 | D:15     | Found a runed translucent door.
 23431 | D:15     | Found a runed translucent door.
 23443 | D:15     | Found a runed translucent door.
 23627 | D:15     | Found a runed translucent door.
 23921 | D:15     | Found a staircase to the Depths.
 23982 | D:15     | Reached skill level 12 in Stealth
 24642 | Lair:6   | Entered Level 6 of the Lair of Beasts
 24702 | Lair:6   | Noticed Kirke
 24795 | Lair:5   | Reached skill level 10 in Dodging
 24802 | Lair:5   | Reached XP level 15. HP: 27/105 MP: 28/28
 25215 | Lair:6   | Killed Kirke
 25680 | Lair:6   | Reached skill level 10 in Long Blades
 25680 | Lair:6   | Reached skill level 10 in Axes
 25680 | Lair:6   | Reached skill level 10 in Maces & Flails
 25680 | Lair:6   | Reached skill level 10 in Polearms
 25680 | Lair:6   | Reached skill level 10 in Staves
 25680 | Lair:6   | Reached skill level 10 in Slings
 25680 | Lair:6   | Reached skill level 10 in Bows
 25680 | Lair:6   | Reached skill level 10 in Crossbows
 25680 | Lair:6   | Reached skill level 10 in Armour
 25680 | Lair:6   | Reached skill level 10 in Shields
 25680 | Lair:6   | Reached skill level 10 in Unarmed Combat
 25680 | Lair:6   | Reached skill level 10 in Spellcasting
 25680 | Lair:6   | Reached skill level 10 in Evocations
 26820 | D:10     | Bought the +1 cloak of Starlight {*Dazzle EV+4 Stlth--} for
                  | 427 gold pieces
 26820 | D:10     | Found the +1 cloak of Starlight {*Dazzle EV+4 Stlth--}
 26820 | D:10     | Bought the +8 chain mail of Dawn {Harm rF+ rCorr} for 897
                  | gold pieces
 27328 | Orc:1    | Killed Saint Roka
 27623 | Orc:2    | Found a staircase to the Elven Halls.
 27778 | Orc:2    | Found Coifofyje's Assorted Antiques.
 27814 | Orc:2    | Found Wapoc's Armour Shop.
 27828 | Orc:2    | Reached XP level 16. HP: 67/112 MP: 30/30
 27846 | Orc:2    | Found Neeho's Assorted Antiques.
 28087 | Orc:2    | Found Laeczex's Assorted Antiques.
 28090 | Orc:2    | Bought a potion of haste for 280 gold pieces
 28121 | Orc:2    | Found a roughly hewn altar of Beogh.
 28674 | Orc:1    | Found Tiap's Antique Armour Shoppe.
 28918 | D:10     | Bought a +1 kite shield of positive energy for 189 gold
                  | pieces
 29132 | Spider:1 | Entered Level 1 of the Spider Nest
 30688 | Spider:1 | Reached skill level 13 in Stealth
 31741 | Spider:2 | Found a runed translucent door.
 31742 | Spider:2 | Found a shimmering altar of Xom.
 31742 | Spider:2 | Noticed Revguard's ghost (adept DDFi)
 32906 | Spider:3 | Identified the cursed +3 shortbow "Fas Tapn" {vorpal, rPois
                  | Will+} (You found it on level 3 of the Spider Nest)
 33475 | Spider:3 | Reached XP level 17. HP: 105/119 MP: 30/32
 34654 | Spider:4 | Entered Level 4 of the Spider Nest
 35748 | Spider:4 | Reached skill level 10 in Conjurations
 35748 | Spider:4 | Reached skill level 10 in Hexes
 35748 | Spider:4 | Reached skill level 10 in Summonings
 35748 | Spider:4 | Reached skill level 10 in Necromancy
 35748 | Spider:4 | Reached skill level 10 in Translocations
 35748 | Spider:4 | Reached skill level 10 in Transmutations
 35748 | Spider:4 | Reached skill level 10 in Fire Magic
 35748 | Spider:4 | Reached skill level 10 in Ice Magic
 35748 | Spider:4 | Reached skill level 10 in Air Magic
 35748 | Spider:4 | Reached skill level 10 in Earth Magic
 35748 | Spider:4 | Reached skill level 10 in Poison Magic
 36207 | Spider:4 | Got a gossamer rune of Zot
 36379 | Spider:4 | Found a runed translucent gate.
 36379 | Spider:4 | Found a runed translucent gate.
 36379 | Spider:4 | Found a runed translucent gate.
 36380 | Spider:4 | Noticed Dizoe's ghost (adept HOFi)
 36380 | Spider:4 | Noticed Jigyehos's ghost (adept DDFi)
 36916 | Elf:1    | Entered Level 1 of the Elven Halls
 37077 | Elf:1    | Noticed Louise
 37119 | Elf:1    | Noticed Asterion
 37370 | Swamp:1  | Entered Level 1 of the Swamp
 37701 | Swamp:1  | Reached XP level 18. HP: 73/124 MP: 33/33
 38231 | Swamp:1  | Noticed Aizul
 38246 | Swamp:1  | Killed Aizul
 38774 | D:10     | Bought the amulet "Keguhaurgh" {Faith rPois rC+} for 756
                  | gold pieces
 38958 | Swamp:2  | Got a shimmering chain mail
 38959 | Swamp:2  | Identified the cursed +1 chain mail "Okoireer" {SInv} (You
                  | found it on level 2 of the Swamp)
 39804 | Swamp:3  | Identified Roxanne's Tome of the Mountains
 39804 | Swamp:3  | Noticed Roxanne
 39987 | Swamp:3  | Reached skill level 14 in Stealth
 40135 | Swamp:3  | Killed Roxanne
 41160 | Swamp:4  | Entered Level 4 of the Swamp
 43333 | Swamp:4  | Noticed the 27-headed Lernaean hydra
 43352 | Swamp:4  | Killed the 27-headed Lernaean hydra
 43353 | Swamp:4  | Reached XP level 19. HP: 101/134 MP: 33/35
 43378 | Swamp:4  | Got a decaying rune of Zot
 43970 | Vaults:1 | Entered Level 1 of the Vaults
 45223 | Vaults:1 | Paralysed by a great orb of eyes for 4 turns
 45383 | Vaults:1 | Found Yrituc's General Store.
 45398 | Vaults:1 | Bought a scroll of enchant armour for 105 gold pieces
 45743 | Vaults:1 | Found a runed translucent gate.
 45743 | Vaults:1 | Found a runed translucent gate.
 45743 | Vaults:1 | Found a runed translucent gate.
 45744 | Vaults:1 | Noticed quaternion's ghost (veteran MiFi)
 45746 | Vaults:1 | Identified the ring of Zuokkug {rElec MP+9 Dex+6 Slay+6}
 45980 | Vaults:1 | Found an iron altar of Okawaru.
 47946 | Vaults:2 | You fall into a shaft and drop 2 floors!
 48413 | Vaults:4 | Found Siluof's Antique Armour Emporium.
 48602 | Vaults:4 | Found an iron altar of Okawaru.
 48815 | Vaults:4 | Reached XP level 20. HP: 97/142 MP: 37/37
 50551 | Vaults:3 | Cast into level 4 of the Abyss (a lich)
 50703 | Abyss:4  | Reached skill level 15 in Stealth
 50883 | Vaults:3 | Escaped the Abyss
 51898 | Vaults:3 | Found a runed translucent gate.
 51898 | Vaults:3 | Found a runed translucent gate.
 51899 | Vaults:3 | Found a runed translucent gate.
 51900 | Vaults:3 | Noticed Zealeisi's ghost (veteran DsGl)
 52030 | Vaults:3 | Noticed Frederick
 52043 | Vaults:3 | Killed Frederick
 53445 | Vaults:3 | Found a staircase to the Crypt.
 53488 | Vaults:3 | You fall into a shaft and drop 1 floor!
 54549 | Vaults:3 | Identified the +10 plate armour of Atublil {rPois} (You
                  | found it on level 3 of the Vaults)
 54901 | D:12     | Bought a fading scale mail for 306 gold pieces
 54901 | D:12     | Identified the +0 scale mail of the Moon Troll {Harm rPois}
                  | (You bought it in a shop on level 12 of the Dungeon)
 54938 | Orc:1    | Bought a steaming scale mail for 270 gold pieces
 54938 | Orc:1    | Identified the +0 scale mail of Indemnity {rCorr} (You
                  | bought it in a shop on level 1 of the Orcish Mines)
 54981 | Orc:2    | Bought a heavily runed ring mail for 270 gold pieces
 54981 | Orc:2    | Bought a scroll of enchant armour for 225 gold pieces
 54981 | Orc:2    | Bought a scroll of enchant armour for 225 gold pieces
 54981 | Orc:2    | Identified the +1 ring mail "Gehuthrur" {+Fly rElec rPois
                  | Int+3} (You bought it in a shop on level 2 of the Orcish
                  | Mines)
 55023 | Elf:1    | Cast into level 2 of the Abyss (Louise)
 55041 | Elf:1    | Escaped the Abyss
 55059 | Elf:1    | Killed Louise
 55260 | Elf:1    | Found Nuteqoet's General Store.
 55281 | Elf:1    | Killed Asterion
 55369 | Elf:1    | Reached XP level 21. HP: 99/149 MP: 38/38
 55790 | Elf:1    | Identified Ryho's Almanac of the Nightingale
 55820 | Elf:1    | Noticed Jorgrun
 55834 | Elf:1    | Killed Jorgrun
 55836 | Elf:1    | Noticed Frances
 55853 | Elf:1    | Killed Frances
 56377 | Elf:2    | Found a frozen archway.
 56429 | IceCv    | Entered an ice cave
 56536 | IceCv    | Got a pitted hat
 56616 | IceCv    | Identified the +0 hat of the Lion {+Fly Str+2} (You found
                  | it in an ice cave)
 56900 | IceCv    | Identified Sif Muna's Compendium of Supportive Malediction
 57049 | IceCv    | Learned a level 2 spell: Passwall
 57216 | Elf:2    | Reached skill level 15 in Invocations
 57225 | Elf:3    | Entered Level 3 of the Elven Halls
 57381 | Elf:3    | Found a magical portal.
 57407 | WizLab   | Entered Cigotuvi's Fleshworks
 58004 | WizLab   | Got a bound silver ring
 58007 | WizLab   | Identified the ring of the Amoeba {MP+9 Str+3} (You found
                  | it in a wizard's laboratory)
 58320 | WizLab   | Identified the Volume of Shape Shifting
 58322 | WizLab   | Identified Cigotuvi's Grimoire of Transformation
 58965 | Elf:3    | Found Zeutteiw's General Store.
 60223 | Elf:2    | Found a huge runed translucent gate.
 60223 | Elf:2    | Found a huge runed translucent gate.
 60223 | Elf:2    | Found a huge runed translucent gate.
 60223 | Elf:2    | Found a huge runed translucent gate.
 60224 | Elf:2    | Found a huge runed translucent gate.
 60958 | Elf:3    | Reached XP level 22. HP: 103/156 MP: 40/40
 61057 | Elf:3    | Identified the cursed +1 lajatang of Dullness {freeze,
                  | rElec}
 61257 | Elf:3    | Identified the +8 falchion "Wigithij" {vorpal, Int+2}
 61258 | Elf:3    | Identified the +7 falchion of Slimy Valour {freeze, *Noise
                  | rC+ rN+++ Int-5}
 61691 | Elf:3    | Reached skill level 15 in Fighting
 61691 | Elf:3    | Reached skill level 15 in Short Blades
 61691 | Elf:3    | Reached skill level 15 in Throwing
 61856 | Elf:3    | Cast into level 2 of the Abyss (a deep elf demonologist)
 62007 | Abyss:2  | Learned a level 5 spell: Agony
 62144 | Elf:3    | Escaped the Abyss
 62277 | Elf:3    | Reached skill level 16 in Stealth
 62319 | Elf:3    | Identified the amulet of Rywihik {RegenMP rF+}
 63336 | Elf:3    | Cast into level 3 of the Abyss (a deep elf sorcerer)
 63520 | Abyss:3  | Found a shimmering blue altar of Sif Muna.
 63614 | Abyss:3  | HP: 4/157 [tentacled starspawn (22)]
 63615 | Abyss:3  | Demolished by a tentacled starspawn

Illustrated notes

Levels and vault maps discovered:
D:1:      minmay_arrival_nine_rooms, layout_loops_ring
D:2:      layout_loops_corners, overflow_temple_1_default, lemuel_round_altar
D:3:      layout_basic, uniq_sigmund
D:4:      layout_rooms, gammafunk_temple_overflow_elements,
          chequers_temple_overflow_statue_of_worship,
          gammafunk_ghost_abyssal_escape, minmay_misc_feat_hallway,
          guppyfry_early_lair_pool
D:5:      layout_rooms, nzn_wu_jian_council_hall, kennysheep_generic_room_16,
          uniq_blork_the_orc, uniq_pikel
D:6:      layout_cave_pools, kiku_gazebo_pond_becter,
          minmay_temple_entry_statues_fountains, serial_gnoll_camp,
          grums_kennel, gnoll_camp_huts_basic, gnoll_camp_mini_hut,
          gnoll_camp_mini_loothouse, gnoll_camp_mini_hut, chequers_mini_garden,
          kennysheep_doodads
D:7:      layout_gridville, slow_altar_1, general_overflow_altar,
          elyvilon_altar_4, uniq_harold
D:8:      layout_basic, uniq_grum
D:9:      layout_basic, lemuel_round_altar, serial_park_tiny_1
D:10:     layout_rooms, serial_shops, shop, shop, shop, uniq_sonja, uniq_snorg
D:11:     minmay_skewed_foursquare, layout_basic, minmay_lair_entry_grove,
          serial_shops, shop, uniq_josephine
D:12:     layout_roguey, orc_david_3, serial_shops, shop,
          nicolae_shop_behind_doors, shop, nicolae_trove_entry_isolated
D:13:     layout_loops_ring, serial_shops, nicolae_shop_waterfront, uniq_nessos,
          uniq_maurice
D:14:     layout_roguey, david_vaults_5, palyth_stone_intersect
D:15:     grunt_enter_depths_snipers, layout_irregular_city,
          serial_bayou_pond_e, minmay_statue_crystal_thing
Lair:1:   layout_hall_layers, gauntlet_entry_generic, lemuel_fruit_fields,
          serial_bayou_shore_b, grunt_megastairs_4, serial_bayou_shore_b
Lair:2:   layout_layer_cave, lemuel_fruit_fields
Lair:3:   layout_chaotic_city, ice2_lemuel
Lair:4:   layout_gridlike, swamp_mist, dummy_spider_entry,
          infiniplex_staircase_pool_2
Lair:5:   slaughterhouse, layout_gridlike, nicolae_slime_entry_slimehenge
Lair:6:   hangedman_lair_tendril_chambers, layout_hall_layers, uniq_kirke
Swamp:1:  layout_basic_swamp, nicolae_swamp_triple_paths, grunt_witch_cave,
          uniq_aizul
Swamp:2:  layout_basic_swamp, evilmike_swamp_ruin_house_3
Swamp:3:  layout_basic_swamp, hangedman_swamp_diagram, swamp_pool1,
          hangedman_swamp_phenomena, uniq_roxanne
Swamp:4:  grunt_swamp_rune_castle, layout_basic_swamp
Spider:1: layout_spider_delve
Spider:2: layout_spider_delve, ebering_ghost_xom
Spider:3: layout_chambers, nicolae_spider_shape
Spider:4: grunt_spider_rune_circles, gammafunk_ghost_cemetery, hive_lemuel
Orc:1:    layout_caves, serial_shops, nicolae_shop_overgrown_old_shop
Orc:2:    st_orc_open, layout_diamond_mine, basic_altar, uniq_saint_roka
Elf:1:    layout_gridlike, serial_shops, shop, serial_corexii_hall,
          corexii_hall_statues_i, chequers_hall_statues_wall_a,
          minmay_elf_sorcery, uniq_asterion, uniq_jorgrun, uniq_frances,
          uniq_louise
Elf:2:    layout_geoelf_grid, portal_ice_cave_entry_pillars_1
Elf:3:    minmay_elf_hall_golems, layout_loops_corners,
          lightli_enter_wizlab_magi_temple, serial_shops, shop,
          grunt_megastairs_2
Vaults:1: gammafunk_vaults_ghost_fury_of_okawaru,
          vaults_standard_mumra_enter_the_diamond, v_rooms_4,
          vaults_room_hallway, v_misc_26, v_misc_13, v_misc_1,
          vaults_room_hangedman_quadrants, nicolae_vaults_circle_grid_a,
          nicolae_vaults_little_squares_6, nicolae_vaults_network_s,
          grunt_vaults_hallway_short, vaults_room_door_hall,
          layout_vaults_maze_bifur, serial_shops, shop
Vaults:2: nicolae_vaults_little_ls, nicolae_vaults_little_squares_1,
          hangedman_vaults_capsules, nicolae_vaults_gold_heap,
          nicolae_vaults_quartermaster, ontoclasm_vaults_misaligned,
          nicolae_vaults_shelves_hall, ontoclasm_vaults_gateway, serial_ice_b,
          v_pattern_2, vaults_room_stairs_pillars, layout_vaults_chaotic_city
Vaults:3: gammafunk_vaults_ghost_necromancy, ontoclasm_vaults_ligature,
          minmay_crypt_entry_simple_walls, vaults_dpeg_doors,
          ontoclasm_vaults_bender, ontoclasm_vaults_chip,
          layout_vaults_omnigrid, uniq_frederick
Vaults:4: hangedman_vaults_corner, nicolae_vaults_theta,
          vaults_room_glass_cross, hangedman_vaults_impose, v_misc_17,
          vaults_dpeg_spiral, nicolae_vaults_circle_grid_b, v_alt_pattern_3,
          nicolae_vaults_asterisk, v_misc_14, ontoclasm_vaults_chip,
          vaults_mumra_lcd, vaults_mumra_hex, layout_vaults_omnicross,
          serial_shops, shop, basic_altar
Abyss:3:  base: Depths:2, base: Lair:4, base: D:14, evilmike_abyss_exit_17,
          evilmike_abyss_exit_13, minivault_1, small_statue_intersection,
          evilmike_abyss_exit_12

Skill      XL: |  1  2  3  4  5  6  7  8  9 10 11 12 13 14 15 16 17 18 19 20 21 22 |
---------------+-------------------------------------------------------------------+-----
Invocations    | 1 2 3 4 5 6 7 8 9 10 11 12 13 14 15 | 15.7
Long Blades    | 1 2 3 4 5 6 7 8 9 10 11 12 13 14 | 14.6
Axes           | 1 2 3 4 5 6 7 8 9 10 11 12 13 14 | 14.6
Maces & Flails | 1 2 3 4 5 6 7 8 9 10 11 12 13 14 | 14.6
Polearms       | 1 2 3 4 5 6 7 8 9 10 11 12 13 14 | 14.6
Staves         | 1 2 3 4 5 6 7 8 9 10 11 12 13 14 | 14.6
Slings         | 1 2 3 4 5 6 7 8 9 10 11 12 13 14 | 14.6
Bows           | 1 2 3 4 5 6 7 8 9 10 11 12 13 14 | 14.6
Crossbows      | 1 2 3 4 5 6 7 8 9 10 11 12 13 14 | 14.6
Armour         | 1 2 3 4 5 6 7 8 9 10 11 12 13 14 | 14.6
Shields        | 1 2 3 4 5 6 7 8 9 10 11 12 13 14 | 14.6
Unarmed Combat | 1 2 3 4 5 6 7 8 9 10 11 12 13 14 | 14.6
Spellcasting   | 1 2 3 4 5 6 7 8 9 10 11 12 13 14 | 14.6
Evocations     | 1 2 3 4 5 6 7 8 9 10 11 12 13 14 | 14.6
Conjurations   | 1 2 3 4 5 6 7 8 9 10 11 12 | 12.6
Hexes          | 1 2 3 4 5 6 7 8 9 10 11 12 | 12.6
Summonings     | 1 2 3 4 5 6 7 8 9 10 11 12 | 12.6
Necromancy     | 1 2 3 4 5 6 7 8 9 10 11 12 | 12.6
Translocations | 1 2 3 4 5 6 7 8 9 10 11 12 | 12.6
Transmutations | 1 2 3 4 5 6 7 8 9 10 11 12 | 12.6
Fire Magic     | 1 2 3 4 5 6 7 8 9 10 11 12 | 12.6
Ice Magic      | 1 2 3 4 5 6 7 8 9 10 11 12 | 12.6
Air Magic      | 1 2 3 4 5 6 7 8 9 10 11 12 | 12.6
Earth Magic    | 1 2 3 4 5 6 7 8 9 10 11 12 | 12.6
Poison Magic   | 1 2 3 4 5 6 7 8 9 10 11 12 | 12.6
Dodging        | 3 4 5 6 7 8 9 10 11 12 13 14 | 14.8
Stealth        | 8 9 10 11 12 13 14 15 16 | 16.1
Fighting       | 5 6 7 8 9 10 11 12 13 14 15 | 15.1
Short Blades   | 5 6 7 8 9 10 11 12 13 14 15 | 15.1
Throwing       | 5 6 7 8 9 10 11 12 13 14 15 | 15.1

Action                   |  1- 3 |  4- 6 |  7- 9 | 10-12 | 13-15 | 16-18 | 19-21 | 22-24 || total
-------------------------+-------+-------+-------+-------+-------+-------+-------+-------++-------
Melee: Dagger            |    86 |    12 |   389 |   275 |       |       |       |       ||   762
       Bite              |    12 |     8 |    59 |   123 |   192 |   309 |   338 |    46 ||  1087
       Hand axe          |     8 |    72 |       |       |       |       |       |       ||    80
       Demon trident     |       |       |       |   368 |   148 |       |       |       ||   516
       Flail             |       |       |       |   221 |       |    33 |       |       ||   254
       Unarmed           |       |       |       |    50 |   122 |       |   274 |       ||   446
       Demon whip        |       |       |       |       |  1025 |  1536 |  1572 |   285 ||  4418
Throw: Dart              |       |     1 |     1 |     1 |       |       |       |     4 ||     7
       Throwing net      |       |       |       |     4 |     4 |     3 |     3 |       ||    14
 Cast: Passwall          |       |       |       |       |       |       |     1 |     4 ||     5
Invok: Ancestor Life: He |       |       |     1 |       |       |       |       |       ||     1
       Recall Ancestor   |       |       |       |       |     2 |     1 |     4 |       ||     7
       Idealise          |       |       |       |       |       |     1 |       |       ||     1
Evoke: Wand              |       |    11 |     4 |    20 |    23 |    10 |    11 |       ||    79
       Box of beasts     |       |       |       |       |     2 |     4 |     4 |       ||    10
       Condenser vane    |       |       |       |       |     3 |     7 |     9 |     2 ||    21
  Use: Scroll            |     5 |       |    10 |    12 |    13 |    20 |    31 |     2 ||    93
       Potion            |     1 |       |     1 |     6 |    10 |     7 |     9 |     4 ||    38
 Stab: Sleeping          |    14 |     1 |     4 |     3 |     4 |       |     1 |       ||    27
       Distracted        |     1 |     2 |     3 |    13 |    15 |     8 |     7 |     3 ||    52
       Confused          |       |       |     7 |     9 |    16 |    11 |    37 |     1 ||    81
       Held in net/web   |       |       |       |     2 |     3 |       |     4 |       ||     9
       Paralysed         |       |       |       |     7 |    43 |    49 |    15 |       ||   114
       Invisible         |       |       |       |       |    10 |    73 |    43 |     8 ||   134
Armor: Ring mail         |    15 |       |       |       |       |       |       |       ||    15
       Chain mail        |     3 |    43 |   170 |   375 |   521 |   630 |   304 |    35 ||  2081
Dodge: Dodged            |    35 |    25 |   104 |   343 |   565 |   974 |   522 |   113 ||  2681
Block: Buckler           |     2 |    15 |    88 |   201 |   313 |    12 |       |       ||   631
       Kite shield       |       |       |       |       |       |   925 |   662 |   103 ||  1690
